 Dungeon Crawl Stone Soup version 0.31-a0-331-geda263fcf1 (webtiles) character file.

Game seed: 17650529390561797357

4916 mopl the Martial Artist (level 10, 0/68 HPs)
             Began as an Octopode Shapeshifter on July 19, 2023.
             Was a Follower of Uskayaw.
             Slain by a centaur (1 damage)
             ... on level 8 of the Dungeon.
             The game lasted 00:09:05 (7072 turns).

mopl the Martial Artist (Octopode Shapeshifter)     Turns: 7072, Time: 00:09:06

Health: 0/68       AC:  1    Str: 16    XL:     10   Next: 51%
Magic:  10/10      EV:  8    Int: 14    God:    Uskayaw [*.....]
Gold:   460        SH:  8    Dex: 18    Spells: 9/9 levels left

rFire   . . .        s - +7 whip of Traps {holy, rPois Str+2 Int+2 Dex+2}
rCold   . . .        v - +0 kite shield
rNeg    . . .        (helmet currently unavailable)
rPois   +            (no amulet)
rElec   .            (no ring)
rCorr   .            (no ring)
SInv    .            (no ring)
Will    .....        (no ring)
Stlth   +++          (no ring)
HPRegen 0.31/turn    (no ring)
MPRegen 0.12/turn    (no ring)
                     (no ring)

%: no passive effects
@: about to teleport, beast-form, petrifying (expiring), very slow
A: beast (slay +5), almost no armour, amphibious, 8 rings, camouflage 1,
gelatinous body 1, (nimble swimmer 1), tentacles
a: Begin Untransformation, Renounce Religion, Stomp


You were on level 8 of the Dungeon.
You worshipped Uskayaw.
Uskayaw was noncommittal.
You were a hulking beast.
You visited 2 branches of the dungeon, and saw 9 of its levels.

You collected 460 gold pieces.

Inventory:

Hand Weapons
 s - the +7 whip of Traps (weapon) {holy, rPois Str+2 Int+2 Dex+2}
   (You found it on level 2 of the Dungeon)

   Str:       It affects your strength (+2).
   Int:       It affects your intelligence (+2).
   Dex:       It affects your dexterity (+2).
   rPois:     It protects you from poison.
Missiles
 i - 3 boomerangs of dispersal
 y - 7 boomerangs
 D - 14 poisoned darts (quivered)
Armour
 v - a +0 kite shield (worn)
Jewellery
 z - a ring of ice
Talismans
 b - a beast talisman
 r - a blade talisman
Wands
 B - a wand of digging (2)
 E - a wand of quicksilver (13)
 G - a wand of charming (4)
 H - a wand of iceblast (10)
Scrolls
 c - a scroll of amnesia {unknown}
 d - 2 scrolls of enchant weapon {unknown}
 e - a scroll of teleportation
 h - 3 scrolls of fear {unknown}
 n - a scroll of blinking {unknown}
 p - a scroll of enchant armour {unknown}
 t - 2 scrolls of noise {unknown}
 u - 2 scrolls of silence {unknown}
 I - a scroll of vulnerability {unknown}
 J - a scroll of poison {unknown}
Potions
 a - a potion of lignification {!q}
 f - a potion of resistance
 g - a potion of ambrosia
 k - 4 potions of mutation {unknown}
 l - a potion of cancellation {unknown}
 m - 2 potions of attraction {unknown}
 o - 2 potions of invisibility {unknown}
 q - 3 potions of enlightenment {unknown}
 w - 2 potions of brilliance {unknown}
 x - 3 potions of degeneration {unknown}
 A - a potion of curing
 C - a potion of magic
 F - a potion of heal wounds


   Skills:
 + Level 6.1 Fighting
 + Level 2.7 Throwing
 + Level 6.1 Dodging
 * Level 8.7 Unarmed Combat
 + Level 1.1 Invocations
 + Level 2.8 Evocations
 * Level 7.8 Shapeshifting


You had 9 spell levels left.
You didn't know any spells.
Your spell library contained the following spells:

 Spells                   Type           Power      Damage    Failure   Level
 Shock                    Conj/Air       0%         1d3       69%         1
 Scorch                   Fire           0%         2d5       83%         2
 Swiftness                Air            0%         N/A       96%         3
 Airstrike                Air            0%         2d(0-16)  100%        4
 Flame Wave               Conj/Fire      0%         2d4       100%        4
 Summon Cactus Giant      Summ           0%         N/A       100%        6


Dungeon Overview and Level Annotations

Branches:
Dungeon (8/15)             Temple (1/1) D:7            Lair (0/5) D:8

Altars:
Ashenzari
Cheibriados
Dithmenos
Elyvilon
Gozag
Hepliaklqana
Kikubaaqudgha
Makhleb
Nemelex Xobeh
Okawaru
Qazlal
Ru
Sif Muna
Uskayaw
Vehumet
Wu Jian
Xom
Yredelemnul
Zin
The Shining One

Shops:
D:4 (

Annotations:
D:7 3 runed translucent doors, 1Anon's ghost, weakling OpSh
D:8 1 runed translucent door, Protee's ghost, novice BaSu


Innate Abilities, Weirdness & Mutations

You are a hulking beast.
Your limbs bulge with bestial killing power. (Slay +5)
You cannot wear most types of armour.
You are amphibious.
You can wear up to eight rings at the same time.
Your skin changes colour to match your surroundings (Stealth+).
Your rubbery body absorbs attacks. (AC +1, EV +1)
((You are camouflaged when in or above water. (Stealth+)))
You have tentacles for arms and can constrict up to eight enemies at once.


Message History

The basilisk barely misses you. The elephant tramples you!
You are shoved backwards!
The elephant tramples you!
You are shoved backwards!
The centaur shouts!
The elephant tramples you.
You are shoved backwards!
The elephant tramples you!!
You are shoved backwards!
The elephant tramples you!!
You are shoved backwards!
The elephant tramples you.
You hold your ground!
The elephant trunk-slaps you. The centaur hits you. The centaur kicks you.
The basilisk bites you. The elephant tramples you!!
You hold your ground!
The elephant trunk-slaps you.
You turn to flesh and can move again.
As you read the scroll of teleportation, it crumbles to dust.
You feel strangely unstable.
The centaur hits you but does no damage.
The centaur barely misses you. The basilisk gazes at you.
You are slowing down.
You block the elephant's attack. The elephant trunk-slaps you.
The centaur hits you.
* * * LOW HITPOINT WARNING * * *
The centaur kicks you. You block the centaur's attack. The centaur kicks you.
* * * LOW HITPOINT WARNING * * *
The elephant tramples you.
* * * LOW HITPOINT WARNING * * *
You hold your ground!
The elephant trunk-slaps you.
* * * LOW HITPOINT WARNING * * *
The centaur hits you.
* * * LOW HITPOINT WARNING * * *
The centaur kicks you.
Your limbs are stiffening.
The basilisk attacks as you move away! The basilisk bites you!
* * * LOW HITPOINT WARNING * * *
The centaur hits you.
* * * LOW HITPOINT WARNING * * *
The centaur kicks you.
* * * LOW HITPOINT WARNING * * *
The basilisk gazes at you.
Your limbs have turned to stone.
You block the centaur's attack. The centaur kicks you.
You die...

###.....####.# ...
.............## ..#
#############.....#
#.# ...#
#.<...###.# .###
#.........## .#§..
#....###...## .+K?§
#....# ##...# .#W$.
#..c.# #...# .####
#.lYh# ###.####
...# ###### #>...#
...# ###########.#
...# #...........#
...# #.###########
...# #÷...# ####
####.#
############# #.#
............# #.#


You could see an elephant, a basilisk and a centaur.

Vanquished Creatures
  Joseph (D:7)
  Maggie (D:7)
  Grinder (D:4)
  A yak (D:7)
  Eustachio (D:5)
  A steam dragon (D:7)
  Menkaure (D:6)
  3 water moccasins
  Duvessa (D:5)
  2 orc warriors
  2 ice beasts (D:5)
  4 ogres
  2 phantoms
  A kobold brigand (D:6)
  A bullfrog (D:7)
  A gnoll sergeant (D:8)
  2 scorpions
  13 wights
  Dowan (D:5)
  5 killer bees (D:8)
  7 howler monkeys
  3 hounds
  2 jellies (D:5)
  2 gnoll boudas
  An orc priest (D:3)
  Terence (D:3)
  5 iguanas
  3 orc wizards
  Robin (D:3)
  12 gnolls
  7 adders
  A white imp (D:7)
  3 ufetubi
  2 worms
  2 dart slugs
  22 orcs
  5 ball pythons
  3 bats
  7 endoplasms
  2 giant cockroaches
  13 goblins
  8 hobgoblins
  5 jackals (D:3)
  23 kobolds
  A quokka (D:2)
  6 frilled lizards
  5 rats
197 creatures vanquished.

Notes
Turn   | Place    | Note
-------+----------+-------------------------------------------
     0 | D:1      | mopl the Octopode Shapeshifter began the quest for the Orb.
     0 | D:1      | Reached XP level 1. HP: 14/14 MP: 1/1
   127 | D:1      | Reached XP level 2. HP: 19/19 MP: 2/2
   533 | D:2      | Found a faded altar of an unknown god.
   563 | D:2      | Reached XP level 3. HP: 24/24 MP: 3/3
   829 | D:2      | Identified the +7 whip of Traps {holy, rPois Str+2 Int+2
                  | Dex+2}
  1228 | D:3      | Reached XP level 4. HP: 18/30 MP: 4/4
  1286 | D:3      | Found a broken altar of Ashenzari.
  1286 | D:3      | Found a shadowy altar of Dithmenos.
  1293 | D:3      | Noticed Terence
  1298 | D:3      | Killed Terence
  1299 | D:3      | Reached skill level 3 in Unarmed Combat
  1488 | D:3      | Reached XP level 5. HP: 30/35 MP: 5/5
  1654 | D:3      | Noticed Robin
  1665 | D:3      | Killed Robin
  1781 | D:4      | Found Enwil's Antique Weapon Emporium.
  1863 | D:4      | Noticed an orc warrior
  1882 | D:4      | Reached skill level 3 in Dodging
  2023 | D:4      | Reached skill level 3 in Fighting
  2023 | D:4      | Reached skill level 4 in Shapeshifting
  2043 | D:4      | Reached XP level 6. HP: 13/42 MP: 6/6
  2218 | D:4      | Reached skill level 4 in Unarmed Combat
  2288 | D:4      | Noticed Grinder
  2299 | D:4      | Paralysed by Grinder for 2 turns
  2302 | D:4      | Killed Grinder
  2303 | D:4      | Reached XP level 7. HP: 34/46 MP: 7/7
  2452 | D:4      | Reached skill level 5 in Unarmed Combat
  2452 | D:4      | Reached skill level 5 in Shapeshifting
  2606 | D:4      | Identified the +6 falchion of Jehoemn {heavy, rPois}
  2610 | D:4      | Identified the +0 hand axe "Qexus" {antimagic, rC++}
  2613 | D:4      | Reached skill level 4 in Fighting
  2613 | D:4      | Reached skill level 4 in Dodging
  2613 | D:4      | Reached XP level 8. HP: 37/54 MP: 8/8
  2618 | D:4      | Found an iron altar of Okawaru.
  2910 | D:5      | Entered Level 5 of the Dungeon
  2911 | D:5      | Noticed Duvessa
  2913 | D:5      | Noticed Dowan
  2921 | D:5      | Killed Duvessa
  2972 | D:5      | Killed Dowan
  3007 | D:5      | Noticed Eustachio
  3016 | D:5      | Killed Eustachio
  3017 | D:5      | Reached skill level 6 in Unarmed Combat
  3348 | D:5      | Reached skill level 6 in Shapeshifting
  3436 | D:5      | Reached XP level 9. HP: 60/60 MP: 9/9
  3457 | D:5      | HP: 3/60 [gnoll/+0 flail[a gnoll bouda] (5)]
  3800 | D:5      | Reached skill level 5 in Dodging
  3800 | D:5      | Reached skill level 7 in Unarmed Combat
  3815 | D:5      | Reached skill level 5 in Fighting
  4553 | D:6      | Noticed Menkaure
  4562 | D:6      | Killed Menkaure
  5244 | D:7      | Reached skill level 7 in Shapeshifting
  5388 | D:7      | Reached skill level 1 in Evocations
  5395 | D:7      | Reached skill level 1 in Throwing
  5409 | D:7      | Found an ancient bone altar of Kikubaaqudgha.
  5507 | D:7      | Reached skill level 8 in Unarmed Combat
  5578 | D:7      | Reached XP level 10. HP: 49/68 MP: 10/10
  5595 | D:7      | Noticed Maggie
  5723 | D:7      | Killed Maggie
  5724 | D:7      | Reached skill level 2 in Throwing
  5724 | D:7      | Reached skill level 2 in Evocations
  5927 | D:7      | Noticed Joseph
  5936 | D:7      | Killed Joseph
  5996 | D:7      | Reached skill level 6 in Dodging
  6024 | D:7      | Reached skill level 6 in Fighting
  6032 | D:7      | Found a staircase to the Ecumenical Temple.
  6042 | Temple   | Entered the Ecumenical Temple
  6059 | Temple   | Became a worshipper of Uskayaw the Reveller
  6241 | D:7      | Reached * piety under Uskayaw
  6302 | D:7      | Found a runed translucent gate.
  6303 | D:7      | Found a runed translucent gate.
  6304 | D:7      | Found a runed translucent gate.
  6305 | D:7      | Found an opulent altar of Gozag.
  6305 | D:7      | Noticed a cyclops
  6306 | D:7      | Noticed 1Anon's ghost (weakling OpSh)
  6340 | D:8      | Reached ** piety under Uskayaw
  6343 | D:8      | Reached *** piety under Uskayaw
  6345 | D:8      | Reached **** piety under Uskayaw
  6351 | D:8      | Reached ***** piety under Uskayaw
  6357 | D:8      | Found a runed translucent door.
  6358 | D:8      | Noticed a kobold demonologist
  6358 | D:8      | Noticed Protee's ghost (novice BaSu)
  6681 | D:8      | Reached skill level 1 in Invocations
  6712 | D:8      | Found a staircase to the Lair.
  6719 | D:8      | Noticed an elephant
  7072 | D:8      | HP: 3/68 [basilisk (11)]
  7072 | D:8      | HP: 1/68 [centaur (2)]
  7072 | D:8      | Slain by a centaur

Illustrated notes

Levels and vault maps discovered:
D:1:      minmay_arrival_loop, layout_rooms, minmay_misc_feat_secret_circle
D:2:      layout_loops_ring, ebering_ecumenical_altar_mist, minmay_tetromino_t4
D:3:      layout_basic, grunt_temple_overflow_open, nrook_uturn, st_stairs_8,
          uniq_terence, uniq_robin
D:4:      layout_basic, okawaru_ov_weapons_minmay, nicolae_stop_n_shop_1,
          uniq_grinder
D:5:      layout_rooms, minmay_misc_feat_room, uniq_eustachio, uniq_duvessa
D:6:      kennysheep_kobold_camp, layout_basic, kennysheep_generic_room_5,
          uniq_menkaure
D:7:      minmay_klotski, layout_loops_ring,
          mainiacjoe_overflow_concentric_impassable, temple_fountains,
          ebering_ghost_gozag, hangedman_abyss_or_decor_passed,
          uniq_prince_ribbit1, uniq_joseph, uniq_maggie
D:8:      layout_basic, fedhas_altar_1, trog_three_pillars_becter,
          david_lair_generic, ebering_ghost_inner_flame, kennysheep_another_room
Temple:   compressed_dpeg_triangle_lava_temple

Skill      XL: |  1  2  3  4  5  6  7  8  9 10 |
---------------+-------------------------------+-----
Unarmed Combat | 3 4 5 6 8 |  8.7
Dodging        | 3 4 5 6 |  6.1
Fighting       | 3 4 5 6 |  6.1
Shapeshifting  | 4 5 6 7 |  7.8
Evocations     | 1 2 |  2.8
Throwing       | 1 2 |  2.7
Invocations    | 1 |  1.1

Action                     |  1- 3 |  4- 6 |  7- 9 | 10-12 || total
---------------------------+-------+-------+-------+-------++-------
  Melee: Unarmed           |    54 |       |       |       ||    54
         Constrict         |    15 |    15 |    58 |    16 ||   104
         Tentacles         |    11 |    15 |    43 |    23 ||    92
         Whip              |    15 |    81 |   196 |    64 ||   356
         Punch             |       |     4 |    17 |     3 ||    24
 Invoke: Line Pass         |       |       |       |     1 ||     1
    Use: Scroll            |       |       |     1 |     6 ||     7
   Stab: Sleeping          |    13 |       |     5 |     2 ||    20
         Paralysed         |       |       |       |     1 ||     1
 Armour: Skin              |     1 |     5 |     2 |     4 ||    12
  Dodge: Dodged            |    28 |    35 |   123 |    49 ||   235
  Block: Kite shield       |       |     1 |    79 |    36 ||   116

Table legend: (Time is in decaauts)
 A = Elapsed time spent in this place.
 B = Non-inter-level travel time spent in this place.
 C = Inter-level travel time spent in this place.
 D = Time resting spent in this place.
 E = Time spent auto-exploring this place.
 F = Levels seen in this place.
 G = Mean time per level.
                   A        B        C        D        E       F      G
               +--------+--------+--------+--------+--------+-----+--------+
         Total |   7167 |   6924 |    243 |   1703 |   3730 |   9 |  796.3 |
       Dungeon |   7135 |   6907 |    228 |   1703 |   3730 |   8 |  891.9 |
        Temple |     31 |     17 |     14 |      0 |      0 |   1 |   31.0 |
               +--------+--------+--------+--------+--------+-----+--------+

Top non-repeatable levels by time:
     D:6: 1851 daAuts
     D:4: 1350 daAuts
     D:7: 1093 daAuts
     D:5: 778 daAuts
     D:2: 720 daAuts
     D:3: 615 daAuts
     D:1: 446 daAuts
     D:8: 279 daAuts
  Temple: 31 daAuts
